 Dungeon Crawl Stone Soup version 0.20.0-10-g0535bb4 (webtiles) character file.

649032 Chiseanne the Executioner (level 27, -4/230 HPs)
             Began as a Minotaur Monk on June 3, 2017.
             Was the Champion of Makhleb.
             Killed from afar by a revenant (9 damage)
             ... with a ghostly fireball
             ... on level 14 of a ziggurat on June 4, 2017.
             The game lasted 04:08:56 (55963 turns).

Chiseanne the Executioner (Minotaur Monk)          Turns: 55963, Time: 04:08:57

Health: -4/230     AC: 44    Str: 21    XL:     27
Magic:  0/32       EV: 25    Int:  5    God:    Makhleb [******]
Gold:   2570       SH: 28    Dex: 28    Spells: 25/26 levels left

rFire    + . .     SeeInvis +   a - +9 broad axe (chop)
rCold    + . .     Gourm    .   J - +5 shield {AC+3} {Donald}
rNeg     + . .     Faith    .   m - +12 gold dragon scales
rPois    +         Spirit   +   W - +2 hat {MR+}
rElec    +         Reflect  +   G - scarf {Spirit}
rCorr    .         Harm     .   x - +2 pair of gloves {Str+3}
MR       +++..                  q - +0 pair of boots of Idghav Oxou {rElec Str-3 SInv Stlth+}
Stlth    ..........             n - +6 amulet of reflection
Regen    0.5/turn               u - +4 ring of slaying
MPRegen  0.3/turn               R - ring of positive energy

@: agile, flayed, very slightly contaminated, drained
A: retaliatory headbutt, horns 2, dopey 1, frail 1, low mp 1, mutation
resistance 1, strong 1, wild magic 1
}: 3/15 runes: serpentine, barnacled, silver
a: Minor Destruction, Lesser Servant of Makhleb, Major Destruction, Greater
Servant of Makhleb, Renounce Religion


You were on level 14 of a ziggurat.
You worshipped Makhleb.
Makhleb was exalted by your worship.
You were full.

You visited 10 branches of the dungeon, and saw 48 of its levels.
You visited the Abyss 3 times.
You visited 1 ziggurat, and saw 14 of its levels.
You also visited: Labyrinth, Ice Cave and Volcano.

You collected 7669 gold pieces.
You spent 5099 gold pieces at shops.

Inventory:

Hand Weapons
 a - a +9 broad axe of chopping (weapon)
 s - a +1 broad axe of flaming
Missiles
 H - 18 silver javelins (quivered) {!*}
 Z - 13 poisoned javelins
Armour
 m - +12 gold dragon scales (worn)
 q - the +0 pair of boots of Idghav Oxou (worn) {rElec Str-3 SInv Stlth+}
   (You acquired it on level 1 of the Crypt)

   It affects your strength (-3).
   It insulates you from electricity.
   It lets you see invisible.
   It makes you more stealthy.
 x - a +2 pair of gloves of strength (worn)
 G - a scarf of spirit shield (worn)
 J - a +5 shield of protection (worn) {Donald}
 W - a +2 hat of magic resistance (worn)
Jewellery
 e - an uncursed ring of resist corrosion
 j - an uncursed ring of see invisible
 l - an uncursed ring of flight
 n - a +6 amulet of reflection (around neck)
 u - a +4 ring of slaying (left hand)
 O - the amulet of Vitality {Regen+ HP+15}
   (You took it off a deep elf mage on level 3 of the Elven Halls)

   [amulet of regeneration]

   It affects your health (+15).
   It increases your rate of regeneration.
 P - the ring "Naperit" {Str+3 Int+6}
   (You found it on level 11 of a ziggurat)

   [ring of strength]

   It affects your strength (+3).
   It affects your intelligence (+6).
 R - a ring of positive energy (right hand)
Wands
 v - a wand of digging (4/24)
Scrolls
 b - 9 scrolls of fog
 g - 6 scrolls of recharging
 i - 20 scrolls of remove curse
 p - 6 scrolls of immolation
 w - a scroll of silence
 y - 22 scrolls of teleportation
 A - 23 scrolls of identify
 D - 4 scrolls of fear
 K - 4 scrolls of enchant armour
 L - 2 scrolls of magic mapping
Potions
 f - a potion of brilliance
 o - 2 potions of heal wounds
 t - 3 potions of agility
 B - 17 potions of curing
 E - 6 potions of resistance
 F - 4 potions of cancellation
 I - 6 potions of invisibility
 Q - 6 potions of berserk rage
 V - 4 potions of flight
Books
 d - a book of the Warp

   Spells                             Type                      Level
   a - Gell's Gravitas                Translocation                3
   b - Portal Projectile              Hexes/Translocation          3
   c - Force Lance                    Conjuration/Translocation    4
   d - Dispersal                      Translocation                6
   e - Controlled Blink               Translocation                8
   f - Disjunction                    Translocation                8
 M - the Incunabulum of the Aerial Traveller
   (You found it on level 8 of a ziggurat)

   Spells                             Type                      Level
   a - Shroud of Golubria             Charms/Translocation         2
   b - Summon Lightning Spire         Summoning/Air                4
   c - Deflect Missiles               Charms/Air                   6
   d - Malign Gateway                 Summoning/Translocation      7
 N - Kaupozoxt's Handbook of Feathers
   (You found it on level 11 of a ziggurat)

   Spells                             Type                      Level
   a - Mephitic Cloud                 Conjuration/Poison/Air       3
   b - Silence                        Hexes/Air                    5
   c - Freezing Cloud                 Conjuration/Ice/Air          6
   d - Conjure Ball Lightning         Conjuration/Air              6
 S - the Grimoire of Agnosticism
   (You found it on level 12 of a ziggurat)

   Spells                             Type                      Level
   a - Flame Tongue                   Conjuration/Fire             1
   b - Beastly Appendage              Transmutation                1
   c - Passwall                       Transmutation/Earth          2
   d - Conjure Flame                  Conjuration/Fire             3
   e - Sticky Flame                   Conjuration/Fire             4
   f - Dragon Form                    Transmutation                7
Miscellaneous
 h - 3 phantom mirrors
 k - a lightning rod (4/4)
 U - a fan of gales
 X - a lamp of fire
 Y - a phial of floods
Comestibles
 c - 27 bread rations
 z - 26 meat rations
 C - 4 royal jellies


   Skills:
 - Level 22.6(21.3) Fighting
 - Level 26.3(24.8) Axes
 - Level 9.9(8.9) Throwing
 - Level 20.1(18.8) Armour
 - Level 24.1(22.7) Dodging
 - Level 1.5(0.7) Stealth
 * Level 21.3(19.9) Shields
 - Level 19.5(18.2) Invocations
 - Level 2.4(1.5) Evocations


You had 25 spell levels left.
You knew the following spells:

 Your Spells              Type           Power        Failure   Level  Hunger
a - Apportation           Tloc           #.....       100%        1    ##.....


Dungeon Overview and Level Annotations

Branches:
Dungeon (15/15)            Temple (1/1) D:6            Lair (6/6) D:9
 Shoals (4/4) Lair:3        Snake (4/4) Lair:3        Slime (0/5) Lair:6
    Orc (2/2) D:10            Elf (3/3) Orc:2        Vaults (5/5) D:13
  Crypt (3/3) Vaults:2       Tomb (0/3) Crypt:3      Depths (5/5) D:15
    Zot (0/5) Depths:5

Altars:
Ashenzari
Cheibriados
Dithmenos
Elyvilon
Fedhas
Gozag
Hepliaklqana
Kikubaaqudgha
Makhleb
Nemelex Xobeh
Okawaru
Qazlal
Ru
Sif Muna
Trog
Uskayaw
Vehumet
Xom
Yredelemnul
Zin
The Shining One
Beogh
Lugonu

Shops:
D:11 =   Orc:2 !([?   Elf:2 [!*   Elf:3 ![%(   Vaults:2 }(*   Vaults:3 =

Portals:
Hell: Depths:1 Depths:2 Depths:3 Depths:4 Depths:5
Abyss: Depths:4
Pandemonium: Depths:1 Depths:3

Annotations:
Elf:2 5 runed doors


Innate Abilities, Weirdness & Mutations

You reflexively headbutt those who attack you in melee.
You have a pair of horns on your head.
You are dopey. (Int -2)
You are frail. (-10% HP)
Your magical capacity is low. (-10% MP)
You are somewhat resistant to further mutation.
Your muscles are strong. (Str +2)
Your spells are a little harder to cast, but a little more powerful.


Message History

The curse skull calls on the powers of darkness!
Your body is wracked with pain!
* * * LOW HITPOINT WARNING * * *
The deep elf death mage convulses! x2
You hit the curse skull but do no damage.
You headbutt the curse skull, but do no damage.
The curse skull is almost destroyed.
You hit the freezing wraith but do no damage.
You slash the revenant! You slash the ancient lich! You hit the ghoul.
You slice the shadow wraith!!
You destroy the shadow wraith!
You completely miss the bone dragon.
You are engulfed in spectral mist.
You block the bone dragon's attack. x3; The ghoul closely misses you.
You furiously retaliate!
You headbutt the ghoul, but do no damage.
You block the ghoul's attack.
The revenant lashes out with ghostly flames.
The ghostly flame explodes!
The ghostly fireball engulfs you! You partially resist.
You feel drained.
You die...

)LLDWn§§§..§§......§▓▓
e..e..§§§.........∩..▓
".zV.z§.............▓▓
.((W..#...#.........▓
(...........*.......▓
....V.......*.eZe..▓▓
............z§nWWz.▓
............ZWVnLz▓▓
............WzD@L▓▓
...........1zzW▓▓
.......ZV▓▓▓
▓▓▓.▓▓▓▓▓▓


You could see a bone dragon, 2 ghouls, an ancient lich (invisible), a Brimstone
Fiend, a revenant, a vampire knight (invisible), 2 eidola, 2 ancient champions,
2 deep elf death magi, a flayed ghost, a vampire mage, a curse skull, 2 freezing
wraiths, a spectral glowing shapeshifter, 2 lost souls, 3 wights, a deep elf
annihilator simulacrum and a caustic shrike zombie.

Vanquished Creatures
  A pandemonium lord (Zig:8)
  An orb of fire (Zig:10)
  3 ancient liches
  Mennas (Depths:3)
  Boris (Crypt:2)
  Sojobo (Crypt:1)
  Margery (Crypt:2)
  3 caustic shrikes
  2 golden dragons
  2 hellephants
  4 tentacled monstrosities
  2 Ice Fiends
  A Hell Sentinel (Abyss:2)
  2 titans (Vaults:5)
  2 deep elf master archers (Elf:3)
  3 quicksilver dragons
  3 deep elf blademasters (Elf:3)
  4 liches
  3 Executioners
  Polyphemus (Shoals:3)
  Frances (Shoals:1)
  3 acid blobs
  2 tentacled starspawn (Zig:11)
  2 ancient champions
  Kirke (Lair:5)
  10 shadow dragons
  4 sphinxes
  3 revenants
  2 daevas (Zig:5)
  7 fire giants
  13 frost giants
  An azure jelly (Zig:3)
  5 storm dragons
  10 nagarajas
  8 tengu reavers (Vaults:5)
  A draconian knight (Depths:5)
  13 vault wardens
  An emperor scorpion (Zig:6)
  3 balrugs
  2 deep elf sorcerers
  2 corrupters
  A draconian scorcher (Depths:5)
  2 curse skulls
  5 ghouls
  An angel (Zig:5)
  8 deep elf elementalists
  A warmonger (Zig:8)
  30 stone giants
  4 war gargoyles
  30 very ugly things
  4 ironheart preservers
  A reaper (Crypt:3)
  2 spriggan defenders (Depths:2)
  4 entropy weavers
  A green draconian (Abyss:2)
  9 vampire knights
  An apis (Zig:5)
  3 deep elf demonologists
  4 dire elephants
  4 white draconians
  4 lorocyprocas
  A purple draconian (Depths:5)
  9 deep elf annihilators
  2 yellow draconians (Depths:5)
  3 spark wasps
  The ghost of destino the Cleaver, a journeyman HOFi of Uskayaw (Lair:2)
  14 ettins
  7 deep elf death magi
  A crystal guardian (Vaults:5)
  14 fire dragons
  3 eidola
  2 merfolk impalers (Depths:5)
  A merfolk javelineer (Shoals:4)
  23 yaktaur captains
  8 jiangshi
  4 deep elf high priests
  3 great orbs of eyes
  A minotaur (Lab)
  A hell beast (Depths:3)
  Erolcha (D:9)
  7 rakshasas
  17 naga warriors
  32 vault guards
  4 ice dragons
  19 hydras
  18 centaur warriors
  3 anacondas
  5 merfolk avatars
  4 spriggan air magi
  2 alligator snapping turtles
  A merfolk aquamancer (Shoals:3)
  Erica (D:8)
  10 ogre magi
  42 two-headed ogres
  6 deep troll shamans
  6 catoblepae
  2 satyrs
  3 tengu warriors (D:15)
  An alligator (Zig:12)
  8 death knights
  12 spriggan berserkers
  10 deep troll earth magi
  9 death yaks
  10 dancing weapons
  11 vampire magi
  6 shock serpents
  4 sun demons
  A thrashing horror (Zig:11)
  A hell hog (Zig:11)
  A titan zombie (Zig:11)
  An orc high priest (Orc:2)
  8 naga sharpshooters
  19 deep elf knights
  3 soul eaters
  2 wretched stars (Abyss:3)
  2 fire crabs (Zig:10)
  9 shadow wraiths
  A spatial maelstrom (Abyss:3)
  6 salamander mystics
  16 hell knights
  3 iron trolls
  2 unseen horrors (shapeshifter)
  32 skeletal warriors
  A sixfirhy (Depths:3)
  A death drake (Zig:12)
  14 flayed ghosts
  2 unseen horrors
  26 deep trolls
  2 torturous demonspawn (Depths:3)
  2 swamp dragons (Zig:12)
  2 cherubim (Zig:5)
  12 sea snakes
  A spriggan druid (Zig:13)
  4 shadow demons
  6 glowing orange brains
  13 ironbrand convokers
  An anaconda zombie (Crypt:3)
  20 phantasmal warriors
  A shambling mangrove (Zig:12)
  13 wizards
  7 naga ritualists
  22 orc knights
  9 deep elf archers
  19 harpies
  4 necromancers
  A harpy (shapeshifter) (Vaults:4)
  An orb spider (shapeshifter) (D:15)
  2 wolf spider zombies
  2 orb spiders
  7 mana vipers
  A mana viper (shapeshifter) (Vaults:5)
  4 wolf spiders
  21 salamanders
  14 manticores
  54 deep elf magi
  5 orc sorcerers
  4 cyclopes
  2 elephants (Zig:13)
  57 ugly things
  A shining eye (Zig:3)
  12 fauns
  A worldbinder (Abyss:3)
  A fire giant skeleton (Abyss:3)
  5 smoke demons (Crypt:3)
  13 vault sentinels
  A stone giant skeleton (Zig:7)
  35 black mambas
  4 merfolk sirens
  An apocalypse crab (Zig:11)
  5 guardian serpents
  A rust devil (Zig:8)
  A spriggan zombie (Zig:7)
  2 ice statues
  15 spiny frogs
  A water nymph (Shoals:1)
  25 naga magi
  An eye of devastation (shapeshifter) (Elf:2)
  Maurice (D:8)
  6 gargoyles
  A dire elephant skeleton (Abyss:3)
  A yellow draconian zombie (Crypt:1)
  4 rime drakes
  A komodo dragon (shapeshifter) (Elf:2)
  7 komodo dragons
  42 yaktaurs
  A death yak zombie (Crypt:2)
  4 centaur skeletons
  5 efreet
  A hellwing (Zig:8)
  3 kobold demonologists
  2 rime drakes (shapeshifter)
  3 yaktaurs (shapeshifter)
  4 ice devils
  A tormentor (Zig:7)
  A purple draconian skeleton (Crypt:2)
  8 freezing wraiths
  5 merfolk
  A queen bee (D:11)
  7 tengu conjurers
  2 jumping spiders (shapeshifter)
  A jumping spider (Zig:6)
  A spriggan skeleton (Zig:7)
  6 red devils
  A silent spectre (Zig:11)
  An ancient zyme (Abyss:2)
  13 trolls
  3 hornets (shapeshifter)
  16 polar bears (IceCv)
  2 tyrant leeches (Zig:12)
  3 meliai (shapeshifter)
  2 wind drakes
  13 hippogriffs
  A wolf spider simulacrum (Abyss:3)
  A sphinx simulacrum (Vaults:1)
  A blink frog (shapeshifter) (Depths:4)
  6 hornets
  14 slime creatures
  A fire dragon zombie (Crypt:2)
  3 bog bodies (Zig:12)
  A raiju (Zig:2)
  2 meliai zombies (D:15)
  A dream sheep (shapeshifter) (D:15)
  29 blink frogs
  An ice dragon zombie (Crypt:1)
  4 snapping turtles
  5 dream sheep
  9 flying skulls
  3 redbacks (Zig:6)
  Sigmund (D:3)
  11 water elementals
  6 air elementals
  A redback (shapeshifter) (Vaults:2)
  63 yaks
  8 shadows
  2 vampires
  An ice dragon skeleton (Crypt:2)
  3 spriggans
  A tarantella (shapeshifter) (Vaults:4)
  2 ynoxinuls
  A fire dragon skeleton (Crypt:3)
  8 fire elementals
  4 wyverns
  2 chaos spawn (Abyss:3)
  6 wraiths
  A fire bat (shapeshifter) (Vaults:5)
  7 hogs (Lair:5)
  A human (shapeshifter) (Vaults:2)
  A hog (shapeshifter) (Depths:3)
  3 basilisks
  2 spatial vortices (Abyss:3)
  5 hungry ghosts
  3 neqoxecs
  An elf simulacrum (Vaults:5)
  10 small abominations
  2 insubstantial wisps (Abyss:3)
  38 nagas
  10 wargs
  An acid dragon (Vaults:2)
  A merfolk zombie (Crypt:1)
  A soldier ant (shapeshifter) (Vaults:4)
  An acid dragon (shapeshifter) (Depths:2)
  9 porcupines
  A water nymph skeleton (Crypt:2)
  3 floating eyes
  21 water moccasins
  An infernal demonspawn skeleton (Crypt:2)
  5 sky beasts
  2 ice beasts
  A hornet zombie (D:15)
  4 swamp drakes (Zig:12)
  51 orc warriors
  A two-headed ogre skeleton (Crypt:2)
  14 large abominations
  A monstrous demonspawn skeleton (Crypt:2)
  15 starcursed masses (Zig:11)
  A black bear (shapeshifter) (D:15)
  An ettin simulacrum (Vaults:5)
  2 black bears
  A manticore zombie (Crypt:1)
  A necrophage (Crypt:2)
  45 ogres
  15 boggarts
  10 eyes of draining
  An eye of draining (shapeshifter) (Vaults:4)
  A phantom (D:9)
  A centaur (shapeshifter) (Vaults:5)
  33 wolves
  14 centaurs
  4 human skeletons
  15 crocodiles
  5 big kobolds
  Blork the orc (D:5)
  22 bullfrogs
  A yaktaur skeleton (Vaults:1)
  8 earth elementals
  2 wyvern zombies
  3 wyvern skeletons
  19 killer bees
  3 scorpions
  17 wights
  9 electric eels
  9 crimson imps
  6 howler monkeys
  8 centaur zombies
  5 bullfrog zombies
  7 hounds
  3 quasits
  2 iron imps
  2 jellies
  A basilisk zombie (Crypt:2)
  37 orc priests
  2 bullfrog skeletons
  A gnoll shaman (Orc:2)
  24 orc wizards
  Jessica (D:3)
  Ijyb (D:3)
  A demonspawn skeleton (Crypt:1)
  6 iguanas
  A lightning spire (Zig:14)
  7 worker ants
  A deep dwarf zombie (Crypt:1)
  A demigod zombie (Crypt:1)
  An acid dragon skeleton (Crypt:2)
  A hound skeleton (D:8)
  A worker ant zombie (D:9)
  16 adders
  7 gnolls
  A howler monkey skeleton (D:4)
  6 shadow imps
  3 white imps
  An ufetubus (Abyss:3)
  An ooze (shapeshifter) (Vaults:4)
  An adder skeleton (D:4)
  An adder zombie (D:9)
  A worm (D:2)
  2 dart slugs (D:1)
  2 leopard geckos
  149 orcs
  6 giant cockroaches
  4 goblins
  6 hobgoblins
  5 jackals
  23 kobolds
  2 quokkas (D:11)
  5 bats
  2 frilled lizards
  A jackal zombie (Crypt:1)
  2 leopard gecko skeletons
  6 rats
  7 crawling corpses
  A plant (Snake:1)
  7 starspawn tentacles (Zig:11)
  2 tentacles (Shoals:1)
  8 withered plants (Crypt:3)
2429 creatures vanquished.

Vanquished Creatures (collateral kills)
  An ancient lich (Crypt:3)
  Saint Roka (Vaults:4)
  A caustic shrike (Zig:9)
  Xtahua (Crypt:1)
  Jorgrun (Shoals:3)
  2 Tzitzimimeh
  A lich (Crypt:3)
  A sphinx (D:15)
  Donald (Orc:2)
  3 tengu reavers
  Ilsuiw (Shoals:4)
  A deep elf sorcerer (Elf:3)
  2 orc warlords (Orc:2)
  3 ironheart preservers
  2 vault wardens
  A deep elf elementalist (Vaults:5)
  A war gargoyle (Crypt:3)
  2 stone giants (Vaults:2)
  A deep elf death mage (Crypt:1)
  4 merfolk javelineers (Shoals:4)
  An ettin (D:15)
  9 merfolk impalers
  3 rakshasas
  3 vault guards
  2 merfolk aquamancers (Shoals:4)
  4 two-headed ogres
  A tengu warrior (D:15)
  4 ogre magi
  3 merfolk avatars
  5 orc high priests (Orc:2)
  2 spriggan berserkers (Elf:3)
  A deep elf knight (Vaults:4)
  A shadow wraith (D:15)
  3 sea snakes (Shoals:4)
  2 deep trolls (Vaults:5)
  A flayed ghost (Crypt:3)
  2 deep elf archers (Elf:1)
  A torturous demonspawn (Zig:8)
  2 wizards
  7 deep elf magi
  4 harpies
  4 ironbrand convokers
  2 ugly things
  4 orc knights
  3 orc sorcerers
  3 wolf spiders
  A cyclops (Shoals:3)
  6 manticores
  2 vault sentinels
  3 merfolk sirens
  A water nymph (Shoals:4)
  A komodo dragon (D:15)
  A rime drake (shapeshifter) (D:15)
  A freezing wraith (Vaults:5)
  4 yaktaurs
  A red devil (Zig:8)
  11 merfolk
  2 wind drakes
  3 snapping turtles (Shoals:4)
  A blink frog (Elf:3)
  A hippogriff (D:15)
  4 dream sheep (Shoals:3)
  2 wraiths (Vaults:4)
  4 water elementals
  A centaur simulacrum (D:15)
  A shadow (Depths:2)
  A wyvern (D:15)
  A fire elemental (Zig:10)
  2 wargs (Orc:1)
  An acid dragon (D:15)
  19 orc warriors
  4 ogres
  A centaur (Shoals:4)
  2 crimson imps (D:15)
  9 orc priests (Orc:2)
  4 orc wizards
  17 orcs
  A fungus (D:15)
  2 withered plants (Crypt:3)
223 creatures vanquished.

Vanquished Creatures (others)
  A titan (Vaults:5)
  A shadow dragon (Vaults:5)
  A deep elf elementalist (Elf:3)
  A war gargoyle (Crypt:3)
  2 deep elf demonologists
  A stone giant (Depths:4)
  A fire dragon (Zig:10)
  A yaktaur captain (Depths:3)
  A centaur warrior (Vaults:2)
  A thrashing horror (Abyss:2)
  A deep elf knight (Elf:1)
  A shadow wraith (Depths:2)
  6 deep elf archers
  An ironbrand convoker (Vaults:3)
  A harpy (Shoals:1)
  2 deep elf magi
  A cyclops (Vaults:2)
  A smoke demon (Abyss:2)
  A vault sentinel (Vaults:5)
  8 yaktaurs
  A polar bear (IceCv)
  A naga (Snake:3)
  2 boggarts
  A centaur (D:13)
  A starcursed mass (Zig:11)
  3 orcs
  A crawling corpse (Elf:3)
  6 fungi
  A lurking horror (Abyss:3)
  12 plants
  5 starspawn tentacles (Zig:11)
  12 tentacles
  18 withered plants (Crypt:3)
98 creatures vanquished.

Grand Total: 2750 creatures vanquished

Notes
Turn   | Place    | Note
-------+----------+-------------------------------------------
     0 | D:1      | Chiseanne the Minotaur Monk began the quest for the Orb.
     0 | D:1      | Reached XP level 1. HP: 19/19 MP: 0/0
   183 | D:1      | Reached XP level 2. HP: 20/27 MP: 1/1
   282 | D:1      | Reached skill level 4 in Axes
   387 | D:1      | Reached XP level 3. HP: 33/33 MP: 2/2
   837 | D:2      | Reached skill level 1 in Armour
  1067 | D:2      | Found a faded altar of an unknown god.
  1413 | D:3      | Noticed Ijyb
  1433 | D:3      | Killed Ijyb
  1433 | D:3      | Reached XP level 4. HP: 37/41 MP: 3/3
  1573 | D:3      | Noticed Sigmund
  1590 | D:3      | Killed Sigmund
  1590 | D:3      | Reached skill level 5 in Fighting
  1590 | D:3      | Reached skill level 5 in Axes
  1590 | D:3      | Reached XP level 5. HP: 18/48 MP: 4/4
  1833 | D:3      | Reached XP level 6. HP: 45/56 MP: 5/5
  2482 | D:3      | Noticed Jessica
  2492 | D:3      | Killed Jessica
  2492 | D:3      | Reached skill level 5 in Dodging
  2500 | D:3      | Found a shattered altar of Ashenzari.
  2695 | D:4      | Reached XP level 7. HP: 53/61 MP: 6/6
  2792 | D:4      | Reached skill level 6 in Axes
  3148 | D:5      | Entered Level 5 of the Dungeon
  3346 | D:5      | Reached skill level 5 in Armour
  3534 | D:5      | Noticed Blork the orc
  3550 | D:5      | Killed Blork the orc
  3586 | D:5      | Reached skill level 7 in Axes
  3586 | D:5      | Reached XP level 8. HP: 61/68 MP: 7/7
  3603 | D:5      | Got a steaming shield
  3633 | D:5      | Identified the +5 shield of Proximity {Str+2} (You found it on level 5 of the Dungeon)
  3678 | D:5      | Reached skill level 1 in Shields
  3943 | D:6      | Found a snail-covered altar of Cheibriados.
  4127 | D:6      | Found a staircase to the Ecumenical Temple.
  4186 | Temple   | Entered the Ecumenical Temple
  4301 | Temple   | Became a worshipper of Makhleb the Destroyer
  4301 | Temple   | Reached * piety under Makhleb
  4301 | Temple   | Reached ** piety under Makhleb
  4754 | D:7      | Reached skill level 1 in Invocations
  4937 | D:7      | Reached skill level 8 in Axes
  4952 | D:7      | Noticed a hornet
  4967 | D:7      | Killed a hornet
  5036 | D:7      | Reached XP level 9. HP: 70/74 MP: 9/9
  5365 | D:7      | Reached *** piety under Makhleb
  5384 | D:7      | Reached skill level 5 in Shields
  5624 | D:8      | Noticed Maurice
  5657 | D:8      | Killed Maurice
  5657 | D:8      | Reached skill level 9 in Axes
  5900 | D:8      | Noticed Erica
  5917 | D:8      | Killed Erica
  5917 | D:8      | Reached skill level 5 in Invocations
  5917 | D:8      | Reached XP level 10. HP: 76/81 MP: 12/12
  6217 | D:8      | You fall through a shaft for 2 floors!
  6217 | D:10     | Entered Level 10 of the Dungeon
  6291 | D:10     | Found a roughly hewn altar of Beogh.
  6291 | D:10     | Found a staircase to the Orcish Mines.
  6486 | D:8      | Learned a level 1 spell: Apportation
  6626 | D:9      | Found a staircase to the Lair.
  6689 | Lair:1   | Entered Level 1 of the Lair of Beasts
  6689 | Lair:1   | Found a shimmering altar of Xom.
  6689 | Lair:1   | Found a labyrinth entrance.
  6704 | Lab      | Entered a labyrinth
  7126 | Lab      | Noticed a minotaur
  7136 | Lab      | Killed a minotaur
  7136 | Lab      | Reached skill level 10 in Armour
  7140 | Lab      | Identified Don Hiekh's Handbook of Toxins and Shape Shifting
  7144 | Lab      | Got a steaming glaive
  7148 | Lair:1   | Identified the +6 glaive "Eraepomn" {protect, rC+ Str+5} (You found it in a labyrinth)
  7269 | Lair:1   | Reached **** piety under Makhleb
  7387 | Lair:1   | Reached XP level 11. HP: 83/92 MP: 15/15
  7836 | Lair:2   | Noticed destino's ghost (journeyman HOFi)
  7878 | Lair:2   | Killed destino's ghost
  8074 | Lair:2   | Noticed a four-headed hydra
  8082 | Lair:2   | Killed a one-headed hydra
  8294 | Lair:2   | Noticed an eight-headed hydra
  8303 | Lair:2   | Killed a four-headed hydra
  8507 | Lair:2   | Noticed an eight-headed hydra
  8514 | Lair:2   | Killed a six-headed hydra
  8547 | Lair:2   | Reached skill level 10 in Shields
  8719 | Lair:3   | Found a staircase to the Snake Pit.
  8898 | Lair:3   | Found a staircase to the Shoals.
  9191 | Lair:3   | Reached XP level 12. HP: 105/105 MP: 17/17
  9204 | Lair:3   | Reached ***** piety under Makhleb
  9386 | Lair:4   | Reached skill level 10 in Fighting
  9411 | Lair:4   | Noticed a catoblepas
  9452 | Lair:4   | Killed a catoblepas
 10162 | Lair:5   | Noticed a six-headed hydra
 10174 | Lair:5   | Killed a one-headed hydra
 10214 | Lair:5   | Found a dark tunnel.
 10227 | Volcano  | Entered a volcano
 10324 | Volcano  | Noticed a stone giant
 10341 | Volcano  | Killed a stone giant
 10527 | Lair:5   | Reached skill level 10 in Invocations
 10623 | Lair:5   | Noticed Kirke
 10636 | Lair:5   | Reached XP level 13. HP: 116/116 MP: 19/19
 10639 | Lair:5   | Killed Kirke
 10802 | Lair:6   | Entered Level 6 of the Lair of Beasts
 10999 | Lair:6   | Found a staircase to the Slime Pits.
 11786 | Lair:6   | Reached ****** piety under Makhleb
 11795 | Lair:6   | Reached XP level 14. HP: 127/127 MP: 21/21
 12496 | D:9      | Noticed Erolcha
 12509 | D:9      | Killed Erolcha
 13175 | Orc:1    | Entered Level 1 of the Orcish Mines
 13407 | Orc:2    | Entered Level 2 of the Orcish Mines
 13767 | Orc:2    | Found a roughly hewn altar of Beogh.
 13793 | Orc:2    | Noticed an orc warlord
 13825 | Orc:2    | Killed an orc warlord
 13825 | Orc:2    | Reached skill level 15 in Armour
 13972 | Orc:2    | Found Angeonuu's Distillery.
 13986 | Orc:2    | Bought 2 potions of flight for 96 gold pieces
 13988 | Orc:2    | Bought a potion of invisibility for 128 gold pieces
 13991 | Orc:2    | Bought a potion of cancellation for 128 gold pieces
 13991 | Orc:2    | Bought a potion of heal wounds for 80 gold pieces
 13991 | Orc:2    | Bought a potion of curing for 48 gold pieces
 13991 | Orc:2    | Bought a potion of curing for 48 gold pieces
 13991 | Orc:2    | Bought 2 potions of agility for 128 gold pieces
 13999 | Orc:2    | Found Curghoyj's Weapon Shop.
 14460 | Orc:2    | Upgraded the game from 0.20.0-9-g8272e65 to 0.20.0-10-g0535bb4
 14478 | Orc:2    | Found a staircase to the Elven Halls.
 14676 | Orc:2    | Noticed an orc warlord
 14678 | Orc:2    | Noticed Donald
 14695 | Orc:2    | Killed an orc warlord
 14706 | Orc:2    | Killed Donald
 14768 | Orc:2    | Found a roughly hewn altar of Beogh.
 14886 | Orc:2    | Found Voovof's Antique Armour Shoppe.
 14896 | Orc:2    | Bought a pair of transparent gloves for 323 gold pieces
 14896 | Orc:2    | Bought a glowing hat for 238 gold pieces
 14907 | Orc:2    | Identified the +0 pair of gloves "Wox Leoq" {rC- MR++} (You bought it in a shop on level 2 of the Orcish Mines)
 14957 | Orc:2    | Found Ydimm's Magic Scroll Emporium.
 14971 | Orc:2    | Bought a scroll of magic mapping for 42 gold pieces
 14971 | Orc:2    | Bought a scroll of random uselessness for 12 gold pieces
 14971 | Orc:2    | Bought a scroll of summoning for 114 gold pieces
 14971 | Orc:2    | Bought a scroll of identify for 24 gold pieces
 15229 | Orc:1    | Noticed a balrug
 16153 | D:11     | Found Qeredghor's Jewellery Emporium.
 16156 | D:11     | Bought a cursed ring of teleportation for 63 gold pieces
 16429 | D:11     | Reached XP level 15. HP: 138/138 MP: 23/23
 16830 | D:12     | Found a glowing silver altar of Zin.
 17563 | D:13     | Got a twisted war axe
 17564 | D:13     | Identified the +3 war axe "Celucrin" {chop, rPois Str+6} (You found it on level 13 of the Dungeon)
 17599 | D:13     | Reached skill level 15 in Shields
 17804 | D:13     | Paralysed by a wizard for 2 turns
 17827 | D:13     | Found a gate to the Vaults.
 18568 | D:14     | Found a frozen archway.
 18614 | IceCv    | Entered an ice cave
 18702 | IceCv    | Reached skill level 15 in Fighting
 19224 | D:15     | Entered Level 15 of the Dungeon
 19365 | D:15     | Found a sacrificial altar of Ru.
 19365 | D:15     | Found a hide-covered altar of Uskayaw.
 19366 | D:15     | Found a shimmering altar of Xom.
 19499 | D:15     | Found a staircase to the Depths.
 19616 | D:15     | Reached XP level 16. HP: 149/149 MP: 25/25
 20682 | D:15     | Noticed a sphinx
 20699 | D:15     | Killed a sphinx
 21631 | Snake:1  | Entered Level 1 of the Snake Pit
 23833 | Snake:2  | Reached XP level 17. HP: 140/159 MP: 20/26
 24703 | Snake:3  | Reached skill level 15 in Invocations
 25471 | Snake:4  | Entered Level 4 of the Snake Pit
 26597 | Snake:4  | Reached XP level 18. HP: 170/170 MP: 28/28
 26899 | Snake:4  | Got a serpentine rune of Zot
 27135 | Shoals:1 | Entered Level 1 of the Shoals
 27143 | Shoals:1 | Noticed Frances
 27171 | Shoals:1 | Killed Frances
 27945 | Shoals:3 | Noticed Jorgrun
 27958 | Shoals:3 | Killed Jorgrun
 28033 | Shoals:3 | Noticed Polyphemus
 28054 | Shoals:3 | Killed Polyphemus
 28099 | Shoals:4 | Entered Level 4 of the Shoals
 28195 | Shoals:4 | Noticed Ilsuiw
 28203 | Shoals:4 | Killed Ilsuiw
 28272 | Shoals:4 | Gained mutation: Your body sometimes deteriorates upon taking damage. [a cacodemon]
 28612 | Shoals:4 | Got a barnacled rune of Zot
 29146 | Vaults:1 | Entered Level 1 of the Vaults
 29617 | Vaults:1 | Reached XP level 19. HP: 181/181 MP: 27/30
 29713 | Vaults:1 | Noticed a Brimstone Fiend
 30607 | Vaults:2 | Found Foel's Gadget Shoppe.
 30626 | Vaults:2 | Found Qatipp's Antique Weapon Shop.
 31148 | Vaults:2 | Found Qiurch's General Store.
 31164 | Vaults:2 | Bought a scroll of fog for 40 gold pieces
 31164 | Vaults:2 | Bought a scroll of magic mapping for 70 gold pieces
 31164 | Vaults:2 | Bought a potion of flight for 60 gold pieces
 31164 | Vaults:2 | Bought a scroll of immolation for 70 gold pieces
 31164 | Vaults:2 | Bought 2 javelins for 32 gold pieces
 31556 | Vaults:2 | Reached skill level 10 in Dodging
 31774 | Vaults:2 | Found a staircase to the Crypt.
 32284 | Vaults:2 | Identified the Handbook of the Dusty Frostbite
 32340 | Vaults:2 | Identified the Guide on Congealing Clay
 33113 | Vaults:3 | Reached XP level 20. HP: 191/193 MP: 31/31
 33281 | Vaults:3 | Found Raisogga's Jewellery Shoppe.
 33296 | Vaults:3 | Bought a +6 amulet of reflection for 760 gold pieces
 34536 | Vaults:4 | Noticed Saint Roka
 34563 | Vaults:4 | Killed Saint Roka
 35694 | Vaults:4 | Reached skill level 15 in Dodging
 36221 | Elf:1    | Entered Level 1 of the Elven Halls
 36406 | Elf:1    | Gained mutation: You are frail. (-10% HP) [a neqoxec]
 36999 | Elf:1    | Identified Byojus's Incunabulum of the Escort
 37342 | Elf:2    | Found Kohy's Antique Armour Emporium.
 37675 | Elf:2    | Found Limacsu's Assorted Antiques.
 37683 | Elf:2    | Bought a pair of embroidered boots for 285 gold pieces
 37777 | Elf:2    | Reached XP level 21. HP: 137/180 MP: 27/32
 37804 | Elf:2    | Found Deczennol's Distillery.
 37841 | Elf:2    | Bought a potion of resistance for 180 gold pieces
 37841 | Elf:2    | Bought 2 potions of might for 144 gold pieces
 37841 | Elf:2    | Bought a potion of invisibility for 144 gold pieces
 37841 | Elf:2    | Bought a potion of heal wounds for 90 gold pieces
 37841 | Elf:2    | Bought a potion of heal wounds for 90 gold pieces
 37841 | Elf:2    | Bought a potion of agility for 72 gold pieces
 37841 | Elf:2    | Bought a potion of berserk rage for 90 gold pieces
 38036 | Elf:2    | Found a huge runed gate.
 38036 | Elf:2    | Found a huge runed gate.
 38036 | Elf:2    | Found a huge runed gate.
 38036 | Elf:2    | Found a huge runed gate.
 38037 | Elf:2    | Found a huge runed gate.
 38246 | Elf:3    | Entered Level 3 of the Elven Halls
 38453 | Elf:3    | Found Xekhlam's Antique Weapon Emporium.
 38736 | Elf:3    | Found a bloodstained altar of Trog.
 39176 | Elf:3    | Found Jeychoz's Antique Armour Shoppe.
 39189 | Elf:3    | Found Quirgh's Distillery.
 39197 | Elf:3    | Bought 2 potions of agility for 136 gold pieces
 39197 | Elf:3    | Bought 2 potions of might for 136 gold pieces
 39197 | Elf:3    | Bought a potion of curing for 51 gold pieces
 39197 | Elf:3    | Bought a potion of heal wounds for 85 gold pieces
 39494 | Elf:3    | Found Upnaizxa's Food Shop.
 39574 | Elf:3    | Cast into level 2 of the Abyss (a deep elf sorcerer)
 39944 | Elf:3    | Escaped the Abyss
 40281 | Elf:3    | Cast into level 3 of the Abyss (a deep elf sorcerer)
 40552 | Elf:3    | Escaped the Abyss
 41063 | Elf:3    | Identified the Disquisition on the Mountains and the Snowflakes
 41774 | Vaults:5 | Entered Level 5 of the Vaults
 41802 | Vaults:4 | Reached XP level 22. HP: 188/188 MP: 15/33
 41866 | Vaults:5 | Noticed an ancient lich
 41903 | Vaults:5 | HP: 7/188 [tengu reaver/great mace (8)]
 41964 | Vaults:5 | Got a silver rune of Zot
 42340 | Vaults:5 | Noticed a golden dragon
 42352 | Vaults:5 | Killed a golden dragon
 42426 | Vaults:5 | Noticed an ancient lich
 42436 | Vaults:5 | Killed an ancient lich
 42444 | Vaults:5 | Killed an ancient lich
 42588 | Vaults:5 | Reached XP level 23. HP: 193/193 MP: 34/34
 43045 | Vaults:5 | Identified the Grimoire of Supportive Talismans
 43269 | Vaults:5 | Got a twisted chain mail
 43274 | Vaults:5 | Identified the cursed +1 chain mail of the Seven Beds {rF+ MR+ Dex-5 SInv} (You found it on level 5 of the Vaults)
 43565 | D:11     | Bought a +4 ring of slaying for 1092 gold pieces
 43924 | Crypt:1  | Entered Level 1 of the Crypt
 43985 | Crypt:1  | Reached skill level 10 in Axes
 44063 | Crypt:1  | Noticed Sojobo
 44065 | Crypt:1  | Noticed Xtahua
 44080 | Crypt:1  | Killed Xtahua
 44088 | Crypt:1  | Killed the ghostly Xtahua
 44106 | Crypt:1  | Killed Sojobo
 44617 | Crypt:1  | Identified a scroll of acquirement
 44620 | Crypt:1  | Got a pair of faintly humming boots
 44621 | Crypt:1  | Identified the +0 pair of boots of Idghav Oxou {rElec Str-3 SInv Stlth+} (You acquired it on level 1 of the Crypt)
 44817 | Crypt:2  | Noticed Boris
 44834 | Crypt:2  | Killed Boris
 44834 | Crypt:2  | Reached skill level 11 in Axes
 45042 | Crypt:2  | Reached skill level 12 in Axes
 45224 | Crypt:2  | Noticed Margery
 45242 | Crypt:2  | Killed Margery
 45319 | Crypt:2  | Reached skill level 13 in Axes
 45689 | Crypt:2  | Reached skill level 14 in Axes
 45970 | Crypt:2  | Identified Sif Muna's Papyrus of Darkness
 46103 | Crypt:3  | Entered Level 3 of the Crypt
 46466 | Crypt:3  | Reached skill level 15 in Axes
 47061 | Crypt:3  | Found a staircase to the Tomb.
 47072 | Crypt:3  | Reached skill level 16 in Axes
 47072 | Crypt:3  | Reached XP level 24. HP: 200/200 MP: 33/34
 47096 | Crypt:3  | Noticed an ancient lich
 47101 | Crypt:3  | Killed an ancient lich
 47777 | Depths:1 | Entered Level 1 of the Depths
 47950 | Depths:1 | Found a gateway to a ziggurat.
 47951 | Depths:1 | Paralysed by a floating eye for 3 turns
 47989 | Depths:1 | Found a gateway to Hell.
 48121 | Depths:1 | Reached skill level 17 in Axes
 48163 | Depths:1 | Found a one-way gate leading to the halls of Pandemonium.
 48835 | Depths:2 | Reached skill level 18 in Axes
 49042 | Depths:2 | Found a shadowy altar of Dithmenos.
 49052 | Depths:2 | Reached skill level 19 in Axes
 49642 | Depths:2 | Reached skill level 20 in Axes
 49993 | Crypt:2  | Lost mutation: You are frail. (-10% HP) [potion of mutation]
 49993 | Crypt:2  | Lost mutation: Your body sometimes deteriorates upon taking damage. [potion of mutation]
 49993 | Crypt:2  | Gained mutation: Your spells are a little harder to cast, but a little more powerful. [potion of mutation]
 49993 | Crypt:2  | Gained mutation: Your muscles are strong. (Str +2) [potion of mutation]
 50621 | Depths:3 | Paralysed by a floating eye for 3 turns
 50815 | Depths:3 | Reached skill level 21 in Axes
 50842 | Depths:3 | Noticed Mennas
 50868 | Depths:3 | Killed Mennas
 50871 | Depths:3 | Reached XP level 25. HP: 230/230 MP: 31/34
 51016 | Depths:3 | Paralysed by a floating eye for 2 turns
 51173 | Depths:3 | Reached skill level 22 in Axes
 51912 | Depths:4 | Identified the amulet "Ryocve Maut" {Spirit rElec rPois MR++ Int-4} (You found it on level 4 of the Depths)
 51925 | Depths:4 | Found a corrupted altar of Lugonu.
 51998 | Depths:4 | Reached skill level 23 in Axes
 52363 | Depths:4 | Found a one-way gate to the infinite horrors of the Abyss.
 52597 | Depths:4 | You fall through a shaft!
 52597 | Depths:5 | Entered Level 5 of the Depths
 53062 | Depths:5 | Found a runed warning-scrawled door.
 53342 | Depths:5 | Found a gate to the Realm of Zot.
 53669 | Depths:5 | Found a runed door.
 53826 | Depths:5 | Found a runed door.
 53847 | Depths:5 | Cast into level 3 of the Abyss (merfolk impaler)
 53847 | Abyss:3  | Found a runed door.
 53847 | Abyss:3  | Found a runed door.
 54175 | Depths:5 | Escaped the Abyss
 54440 | Zig:1    | Entered Level 1 of a ziggurat
 54496 | Zig:2    | Entered Level 2 of a ziggurat
 54496 | Zig:2    | Noticed an ancient lich
 54513 | Zig:2    | Killed an ancient lich
 54513 | Zig:2    | Reached XP level 26. HP: 247/247 MP: 32/34
 54521 | Zig:3    | Entered Level 3 of a ziggurat
 54528 | Zig:3    | Gained mutation: You expend magic power (3 MP) to strengthen your wands. [a shining eye]
 54532 | Zig:3    | Gained mutation: You are frail. (-10% HP) [a shining eye]
 54539 | Zig:3    | Reached XP level 27. HP: 229/229 MP: 28/34
 54545 | Zig:4    | Entered Level 4 of a ziggurat
 54570 | Zig:4    | Identified the Volume of the Farrier
 54639 | Zig:5    | Entered Level 5 of a ziggurat
 54685 | Zig:5    | Got a slimy large shield
 54686 | Zig:5    | Identified the +2 large shield "Zod Hiop" {Slay+2} (You took it off a daeva on level 5 of a ziggurat)
 54741 | Zig:6    | Entered Level 6 of a ziggurat
 54840 | Zig:7    | Entered Level 7 of a ziggurat
 54983 | Zig:8    | Entered Level 8 of a ziggurat
 54987 | Zig:8    | Noticed Tidghu Tedde the pandemonium lord
 55022 | Zig:8    | Killed Tidghu Tedde the pandemonium lord
 55043 | Zig:8    | Identified the Incunabulum of the Aerial Traveller
 55046 | Zig:8    | Identified the Volume of the Glacier
 55055 | Zig:8    | Got a warped wooden ring
 55056 | Zig:8    | Identified the ring "Telub" {Fire *Drain MR+ Slay+3 Stlth+} (You found it on level 8 of a ziggurat)
 55120 | Zig:9    | Entered Level 9 of a ziggurat
 55275 | Zig:10   | Entered Level 10 of a ziggurat
 55285 | Zig:10   | Noticed an orb of fire
 55292 | Zig:10   | Reached skill level 24 in Axes
 55300 | Zig:10   | Gained mutation: Your magical capacity is low. (-10% MP) [an orb of fire]
 55302 | Zig:10   | Gained mutation: Your spells are harder to cast, but more powerful. [an orb of fire]
 55311 | Zig:10   | Gained mutation: You are somewhat resistant to further mutation. [an orb of fire]
 55315 | Zig:10   | Killed an orb of fire
 55317 | Zig:10   | Lost mutation: Your spells are harder to cast, but more powerful. [potion of mutation]
 55317 | Zig:10   | Lost mutation: You expend magic power (3 MP) to strengthen your wands. [potion of mutation]
 55332 | Zig:10   | Identified Pukhluelash's Papyrus of the Enchanting Rocks
 55394 | Zig:11   | Entered Level 11 of a ziggurat
 55446 | Zig:11   | Gained mutation: You are dopey. (Int -2) [a neqoxec]
 55448 | Zig:11   | Reached skill level 25 in Axes
 55455 | Zig:11   | Paralysed by accursed screaming for 1 turns
 55516 | Zig:11   | Identified Kaupozoxt's Handbook of Feathers
 55519 | Zig:11   | Got a transparent silver ring
 55524 | Zig:11   | Identified the ring "Naperit" {Str+3 Int+6} (You found it on level 11 of a ziggurat)
 55608 | Zig:12   | Entered Level 12 of a ziggurat
 55654 | Zig:12   | Reached skill level 26 in Axes
 55702 | Zig:12   | Got a bound golden ring
 55703 | Zig:12   | Identified the ring "Weohor" {rCorr *Drain Str+7 Dex+7} (You found it on level 12 of a ziggurat)
 55713 | Zig:12   | Identified the Grimoire of Agnosticism
 55726 | Zig:13   | Entered Level 13 of a ziggurat
 55888 | Zig:14   | Entered Level 14 of a ziggurat
 55908 | Zig:14   | Noticed an ancient lich
 55933 | Zig:14   | HP: 7/230 [balrug/divine providence[an ancient lich] (9)]
 55945 | Zig:14   | HP: 11/230 [??? (4)]
 55961 | Zig:14   | HP: 8/230 [ancient lich (12)]
 55963 | Zig:14   | Killed from afar by a revenant

Skill      XL: |  1  2  3  4  5  6  7  8  9 10 11 12 13 14 15 16 17 18 19 20 21 22 23 24 25 26 27 |
---------------+----------------------------------------------------------------------------------+-----
Axes           | 4 5 7 8 9 16 21 23 26 | 26.3
Fighting       | 4 5 7 9 11 12 14 15 16 17 18 20 22 | 22.6
Armour         | 1 2 3 4 5 7 9 10 11 13 14 15 16 17 18 19 20 | 20.1
Dodging        | 4 5 6 7 10 16 20 23 24 | 24.1
Shields        | 4 6 8 10 11 13 14 15 17 18 19 20 21 | 21.3
Invocations    | 2 5 6 8 10 11 12 13 14 15 16 17 19 | 19.5
Throwing       | 4 9 |  9.9
Evocations     | 2 |  2.4
Stealth        | |  1.5

Action                   |  1- 3 |  4- 6 |  7- 9 | 10-12 | 13-15 | 16-18 | 19-21 | 22-24 | 25-27 || total
-------------------------+-------+-------+-------+-------+-------+-------+-------+-------+-------++-------
Melee: Hand axe          |    80 |    28 |       |       |       |       |       |       |       ||   108
       Headbutt          |    12 |    11 |    75 |   187 |   625 |   796 |   778 |   724 |   331 ||  3539
       War axe           |       |    48 |    57 |       |       |       |    16 |       |       ||   121
       Flail             |       |       |   258 |     5 |     2 |       |       |       |       ||   265
       Scimitar          |       |       |       |   508 |  1559 |  1971 |  1247 |   127 |       ||  5412
       Broad axe         |       |       |       |    10 |     3 |       |   693 |  1923 |   941 ||  3570
 Fire: Blowgun           |       |       |     8 |     1 |     4 |     1 |     5 |       |       ||    19
Throw: Tomahawk          |       |       |     2 |       |       |     8 |     2 |       |       ||    12
       Javelin           |       |       |       |       |       |       |     2 |     8 |    25 ||    35
Invok: Greater Servant o |       |       |       |       |    11 |    20 |    24 |    13 |    10 ||    78
Evoke: Wand              |       |       |     1 |     6 |     2 |    14 |     2 |     1 |     1 ||    27
       Lightning rod     |       |       |       |     2 |     2 |     4 |    16 |       |       ||    24
       Fan of gales      |       |       |       |       |       |     1 |     1 |       |       ||     2
       Phantom mirror    |       |       |       |       |       |     1 |       |       |       ||     1
       Phial of floods   |       |       |       |       |       |       |       |     1 |       ||     1
       Lamp of fire      |       |       |       |       |       |       |       |       |     1 ||     1
  Use: Scroll            |     7 |     7 |     9 |    14 |     6 |     9 |    16 |    12 |    21 ||   101
       Potion            |       |     1 |     2 |     2 |     2 |     5 |    17 |    10 |    18 ||    57
 Stab: Sleeping          |     3 |       |       |       |       |       |       |       |       ||     3
       Petrified         |       |       |       |     2 |       |       |       |       |     1 ||     3
       Distracted        |       |       |       |       |     3 |     3 |     6 |     7 |    11 ||    30
       Confused          |       |       |       |       |     1 |       |       |       |       ||     1
       Invisible         |       |       |       |       |       |     4 |    10 |    19 |    16 ||    49
  Eat: Chunk             |     1 |     4 |    29 |    13 |    28 |    16 |    17 |     7 |    10 ||   125
       Fruit             |       |       |       |       |     2 |    36 |    19 |       |     2 ||    59
       Royal jelly       |       |       |       |       |       |       |     2 |    15 |     6 ||    23
Armor: Robe              |     7 |       |       |       |       |       |       |       |       ||     7
       Leather armour    |    14 |       |       |       |       |       |       |       |       ||    14
       Ring mail         |       |     9 |       |       |       |       |       |       |       ||     9
       Gold dragon scale |       |    37 |   302 |   307 |   849 |  1374 |  1071 |   725 |   381 ||  5046
Dodge: Dodged            |    44 |    34 |    86 |   327 |  1047 |  1391 |   898 |   698 |   486 ||  5011
Block: Shield            |       |       |   257 |   588 |  2211 |  2841 |  3108 |  2531 |  1306 || 12842
       Reflection        |       |       |       |       |       |       |   136 |    67 |    54 ||   257
       Rpst.: Scimitar   |       |       |       |    86 |   229 |   264 |    93 |     8 |       ||   680
